 Dungeon Crawl Stone Soup version 0.31-a0-188-g5e087ee2ca (webtiles) character file.

Game seed: 8906507689018905981

175 qw the Skirmisher (level 5, -3/29 HPs)
             Began as a Deep Elf Hunter on June 23, 2023.
             Slain by a kobold brigand
             ... wielding a +0 short sword
              (8 damage)
             ... in a sewer.
             The game lasted 00:00:52 (2138 turns).

qw the Skirmisher (Deep Elf Hunter)                 Turns: 2138, Time: 00:00:52

Health: -3/29      AC:  6    Str: 10    XL:     5   Next: 29%
Magic:  7/7        EV: 12    Int: 14    God:
Gold:   142        SH:  0    Dex: 24    Spells: 4/4 levels left

rFire   . . .        Y - +0 shortbow
rCold   . . .        (shield currently unavailable)
rNeg    . . .        h - +0 ring mail
rPois   .            j - +0 helmet
rElec   .            (no cloak)
rCorr   .            (no gloves)
SInv    .            (no boots)
Will    .....        (no amulet)
Stlth   ++           d - +6 ring of dexterity
HPRegen 0.24/turn    (no ring)
MPRegen 0.10/turn

%: no passive effects
@: lethally poisoned (-3 -> -7), about to teleport
A: no striking features
a: no special abilities


You were in a sewer.
You visited 1 branch of the dungeon, and saw 3 of its levels.
You also visited: Sewer.

You collected 142 gold pieces.


   Skills:
 - Level 1.5 Fighting
 + Level 8.4 Ranged Weapons
 - Level 3.1 Dodging
 - Level 1.2 Stealth


You had 4 spell levels left.
You didn't know any spells.
Your spell library was empty.

Inventory:

Hand Weapons
 Y - a +0 shortbow (weapon)
Armour
 h - a +0 ring mail (worn)
 j - a +0 helmet (worn)
Jewellery
 d - a +6 ring of dexterity (left hand)
Scrolls
 b - a scroll of identify
Potions
 a - a potion of haste {unknown}
 c - a potion of mutation {unknown}
 e - 2 potions of heal wounds
 g - a potion of resistance {unknown}

Dungeon Overview and Level Annotations

Branches:
Dungeon (3/15)              Sewer (1/1)

Altars:
Okawaru

Shops:
D:1 :


Message History

2127 ||| FLEEEEING.
You shoot an arrow. The arrow misses the kobold brigand.
You shoot an arrow.
The arrow barely misses the kobold brigand.
You shoot an arrow. The arrow hits the kobold brigand.
The kobold brigand is heavily wounded.
You shoot an arrow.
The arrow closely misses the kobold brigand.
You shoot an arrow.
The arrow closely misses the kobold brigand.
The kobold brigand throws a poisoned dart.
The poisoned dart hits you!
You are poisoned.
You shoot an arrow.
The arrow barely misses the kobold brigand.
You feel very sick.
You shoot an arrow.
The arrow hits the kobold brigand but does no damage.
The kobold brigand is heavily wounded.
You feel sick.
The kobold brigand throws a poisoned dart.
The poisoned dart hits you!
You are more poisoned.
You shoot an arrow. The arrow hits the kobold brigand.
The kobold brigand is heavily wounded.
You feel sick.
You shoot an arrow. The arrow hits the kobold brigand.
The kobold brigand is severely wounded.
You feel very sick.
You shoot an arrow.
The arrow hits the kobold brigand but does no damage.
The kobold brigand is severely wounded.
You feel sick.
The kobold brigand hits you with a +0 short sword.
2138 ||| READING scroll of teleportation.
As you read the scroll of teleportation, it crumbles to dust.
You feel strangely unstable.
You feel sick.
The kobold brigand hits you with a +0 short sword!
You die...

..~.~~..~..~~########~~~..##
#~~.~~~~..####......~###~~~
#.~~....## #~.~~~~~~# #### .
##~~.~...####~~~~~.~~###~~~
~.##~.~.~...~##....####~~~.~##
.~~~...~~..~.~.~~.## #####.~)
.~...~~..~...~..~## ####
~~...~....~~~..~~#
~~~~~~~\.\~~~@~~.#
.~..........~~K~~#
~.......~..~.~..~##
......~.~~~~..~~~.## #####.~
~~##~.~.~...~##.~~.####~~~.~#
. ##~..~~~.####..~...~.#
#~..~~.~# #.~~~.~.~# #
.~~~.~~.. ##..~..~.###~~K ~.~~
#######~.K.~#


You could see a kobold brigand.

Vanquished Creatures
  An orc wizard (D:3)
  Jessica (D:2)
  An adder (D:3)
  A river rat (Sewer)
  6 worms
  8 orcs (D:3)
  6 ball pythons
  6 endoplasms
  A giant cockroach (D:3)
  7 goblins
  8 hobgoblins
  5 jackals (D:2)
  3 kobolds
  3 quokkas
  6 bats
  3 frilled lizards
  8 rats
74 creatures vanquished.

Notes
Turn   | Place    | Note
-------+----------+-------------------------------------------
     0 | D:1      | qw the Deep Elf Hunter began the quest for the Orb.
     0 | D:1      | Reached XP level 1. HP: 12/12 MP: 3/3
     0 | D:1      | 0 ||| qw: Version: 0.3-a-9-g12657ce
     0 | D:1      | 0 ||| qw: Game counter: 3368
     0 | D:1      | 0 ||| qw: Always use a shield: true
     0 | D:1      | 0 ||| qw: God list: Okawaru
     0 | D:1      | 0 ||| qw: Allow faded altars: false
     0 | D:1      | 0 ||| qw: Do Orc after D:15 true
     0 | D:1      | 0 ||| qw: Do second Lair branch before Depths: true
     0 | D:1      | 0 ||| qw: Lair rune preference: random
     0 | D:1      | 0 ||| qw: Plans: Normal
     0 | D:1      | 0 ||| PLANNING D:1-11
    94 | D:1      | Reached XP level 2. HP: 16/16 MP: 4/4
    96 | D:1      | Reached skill level 6 in Ranged Weapons
   204 | D:1      | Found Dozaurgh's Book Shoppe.
   511 | D:1      | 511 ||| UPGRADING to +0 ring mail.
   521 | D:1      | 521 ||| DROPPING +0 leather armour.
   522 | D:1      | 522 ||| READING scroll labelled DYLUVE ZEINIORR.
   523 | D:1      | 523 ||| READING scroll labelled OFORIENORR.
   524 | D:1      | 524 ||| READING scroll labelled UTUNONANEG.
   528 | D:1      | 528 ||| READING scroll labelled RUHUC WEOD.
   529 | D:1      | 529 ||| DROPPING scroll of butterflies.
   960 | D:2      | Reached XP level 3. HP: 20/20 MP: 5/5
  1083 | D:2      | Reached skill level 7 in Ranged Weapons
  1098 | D:2      | Noticed Jessica
  1101 | D:2      | Killed Jessica
  1102 | D:2      | Reached XP level 4. HP: 25/25 MP: 6/6
  1270 | D:2      | 1270 ||| UPGRADING to +6 ring of dexterity.
  1271 | D:2      | 1271 ||| READING 2 scrolls labelled MULA DUQEJ.
  1272 | D:2      | 1272 ||| READING scroll labelled SYORUK YLOTAU.
  1273 | D:2      | 1273 ||| DRINKING 3 amethyst potions.
  1296 | D:3      | 1296 ||| PLANNING SEWER
  1506 | D:3      | Reached skill level 8 in Ranged Weapons
  1708 | D:3      | Found an iron altar of Okawaru.
  1763 | D:3      | Reached XP level 5. HP: 29/29 MP: 7/7
  1953 | D:3      | Reached skill level 3 in Dodging
  1962 | D:3      | Found a glowing drain.
  1963 | D:3      | 1963 ||| UPGRADING to +0 helmet.
  1968 | D:3      | 1968 ||| READING scroll labelled INOOPHETTO.
  1974 | Sewer    | Entered a sewer
  2117 | Sewer    | 2117 ||| FLEEEEING.
  2122 | Sewer    | 2122 ||| FLEEEEING.
  2123 | Sewer    | 2123 ||| FLEEEEING.
  2126 | Sewer    | 2126 ||| FLEEEEING.
  2127 | Sewer    | 2127 ||| FLEEEEING.
  2137 | Sewer    | HP: 5/29 [kobold brigand/+0 short sword (5)]
  2138 | Sewer    | 2138 ||| READING scroll of teleportation.
  2138 | Sewer    | Slain by a kobold brigand

Levels and vault maps discovered:
D:1:      dpeg_arrival_long_road, layout_loops_ring, serial_shops, shop
D:2:      layout_basic, kennysheep_generic_room_4, uniq_jessica
D:3:      layout_loops_ring, mainiacjoe_overflow_six_doors_small,
          gup_sewer_entry_bubbles
Sewer:    sewer_co_tree

Skill      XL: |  1  2  3  4  5 |
---------------+----------------+-----
Ranged Weapons | 6 7 8 |  8.4
Dodging        | 3 |  3.1
Fighting       | |  1.5
Stealth        | |  1.2

Action                     |  1- 3 |  4- 6 || total
---------------------------+-------+-------++-------
   Fire: Shortbow          |    85 |   112 ||   197
    Use: Scroll            |     4 |     4 ||     8
         Potion            |       |     1 ||     1
 Armour: Leather armour    |     6 |       ||     6
         Ring mail         |     6 |     5 ||    11
  Dodge: Dodged            |    16 |    14 ||    30

Table legend:
 A = Non-vault XP
 B = Vault XP
 C = Vault XP percentage of total XP
 D = Non-vault monster count
 E = Vault monster count
 F = Vault count percentage of total count
                 A         B        C        D         E       F
            +---------+---------+-------+---------+---------+-------
      Total |     161 |      89 |  35.6 |      61 |      13 |  17.6
            +---------+---------+-------+---------+---------+-------
        D:1 |      32 |       0 |   0.0 |      19 |       0 |   0.0
        D:2 |      34 |      37 |  52.1 |      17 |       1 |   5.6
        D:3 |      95 |      21 |  18.1 |      25 |       4 |  13.8
      Sewer |       0 |      31 | 100.0 |       0 |       8 | 100.0
            +---------+---------+-------+---------+---------+-------
